 Dungeon Crawl Stone Soup version 0.27-a0-887-gcab673c142 (webtiles) character file.

Game seed: 11861243313317729508

4694 mhtbhm the Cleaver (level 10, 0/86 HPs)
             Began as a Minotaur Fighter on Apr 4, 2021.
             Was an Elder of Okawaru.
             Killed from afar by Fannar (23 damage)
             ... with a bolt of cold
             ... on level 10 of the Dungeon.
             The game lasted 00:10:56 (9216 turns).

mhtbhm the Cleaver (Minotaur Fighter)               Turns: 9216, Time: 00:10:57

Health: 0/86       AC: 10    Str: 24    XL:     10   Next: 21%
Magic:  12/12      EV:  9    Int:  5    God:    Okawaru [****..]
Gold:   377        SH: 11    Dex: 10    Spells: 10/13 levels left

rFire    . . .     SeeInvis .   a - +0 war axe
rCold    . . .     Faith    .   c - +0 kite shield
rNeg     . . .     Spirit   .   b - +0 scale mail
rPois    +         Reflect  .   (helmet restricted)
rElec    .         Harm     .   q - +0 cloak
rCorr    .         Rampage  .   (no gloves)
Will     .....                  k - +0 pair of boots
Stlth    ..........             y - amulet of magic regeneration
HPRegen  0.24/turn              f - ring of poison resistance
MPRegen  0.38/turn              p - ring of wizardry

@: about to teleport, flying
A: horns 2, retaliatory headbutt
a: Renounce Religion, Heroism


You were on level 10 of the Dungeon.
You worshipped Okawaru.
Okawaru was greatly pleased with you.
You visited 2 branches of the dungeon, and saw 10 of its levels.
You also visited: Sewer.

You collected 377 gold pieces.

Inventory:

Hand Weapons
 a - a +0 war axe (weapon)
Missiles
 r - a curare-tipped dart (quivered)
Armour
 b - a +0 scale mail (worn)
 c - a +0 kite shield (worn)
 k - a +0 pair of boots (worn)
 q - a +0 cloak (worn)
Jewellery
 f - a ring of poison resistance (left hand)
 n - a ring of positive energy
 p - a ring of wizardry (right hand)
 y - an amulet of magic regeneration (around neck)
 z - a ring of wizardry
Wands
 d - a wand of digging (6)
 i - a wand of mindburst (4)
 o - a wand of iceblast (7)
 B - a wand of flame (20)
Scrolls
 e - 2 scrolls of silence
 h - 3 scrolls of teleportation
 j - 2 scrolls of enchant weapon {unknown}
 l - a scroll of enchant armour {unknown}
 m - a scroll of identify
 v - a scroll of fear {unknown}
 w - a scroll of magic mapping {unknown}
 x - a scroll of blinking {unknown}
Potions
 g - 4 potions of attraction
 u - 4 potions of flight
 C - a potion of degeneration {unknown}


   Skills:
 + Level 7.5 Fighting
 + Level 10.3 Axes
 + Level 8.0 Armour
 + Level 3.7 Dodging
 - Level 1.0 Stealth
 + Level 7.2 Shields
 * Level 2.1 Spellcasting
 * Level 2.2 Conjurations
 * Level 2.1 Air Magic
 * Level 2.1 Poison Magic
 + Level 0.7 Evocations


You had 10 spell levels left.
You knew the following spells:

 Your Spells              Type           Power      Damage    Failure   Level
a - Mephitic Cloud        Conj/Pois/Air  2%         N/A       75%         3

Your spell library contained the following spells:

 Spells                   Type           Power      Damage    Failure   Level
 Magic Dart               Conj           8%         1d3       38%         1
 Shock                    Conj/Air       8%         1d3       38%         1
 Swiftness                Air            2%         N/A       52%         2
 Corona                   Hex            0%         N/A       67%         1
 Freeze                   Ice            0%         1d3       67%         1
 Static Discharge         Conj/Air       2%         N/A       75%         3
 Blink                    Tloc           N/A        N/A       80%         2
 Call Imp                 Summ           0%         N/A       80%         2
 Ensorcelled Hibernation  Hex/Ice        0%         N/A       80%         2
 Slow                     Hex            0%         N/A       80%         2
 Conjure Flame            Conj/Fire      1%         6-21      86%         3
 Dazzling Flash           Conj/Hex       2%         N/A       86%         3
 Confusing Touch          Hex            0%         N/A       95%         3
 Frozen Ramparts          Ice            0%         1d2       95%         3
 Ozocubu's Armour         Ice            0%         N/A       95%         3
 Tukima's Dance           Hex            0%         N/A       95%         3
 Airstrike                Air            1%         N/A       98%         4
 Hailstorm                Conj/Ice       1%         3d3       99%         4
 Summon Ice Beast         Ice/Summ       0%         N/A       100%        4
 Lightning Bolt           Conj/Air       1%         1d12      100%        5


Dungeon Overview and Level Annotations

Branches:
Dungeon (10/15)            Temple (1/1) D:4           Sewer (visited)
   Lair: D:8-11         Orc: D:9-12

Altars:
Ashenzari
Cheibriados
Fedhas
Gozag
Hepliaklqana
Kikubaaqudgha
Makhleb
Nemelex Xobeh
Okawaru
Qazlal
Ru
Sif Muna
Uskayaw
Vehumet
Wu Jian
Xom
Yredelemnul
Zin

Shops:
D:5 [

Annotations:
D:10 Fannar


Innate Abilities, Weirdness & Mutations

You have a pair of horns on your head.
You reflexively headbutt those who attack you in melee.


Message History

You hit Fannar.
Fannar is lightly wounded.
You hit the ice beast but do no damage.
Fannar casts a spell.
The ice beast hits you but does no damage.
You slash Fannar! Your headbutt misses Fannar.
Fannar is lightly wounded.
You slash the ice beast!
Fannar hits you with a +0 quarterstaff of freezing.
Fannar freezes you.
The ice beast hits you but does no damage.
You closely miss Fannar.
Fannar is lightly wounded.
You barely miss the ice beast. You block the ice beast's attack.
Fannar hits you but does no damage.
You barely miss Fannar.
Fannar is lightly wounded.
You hit the ice beast but do no damage. You block the ice beast's attack.
Fannar hits you but does no damage.
You slash Fannar!
Fannar is moderately wounded.
You slash the ice beast! You hit the ice beast but do no damage.
You block the ice beast's attack.
You hit Fannar but do no damage.
Fannar is moderately wounded.
You hit the ice beast. x2
Fannar casts a spell.
Fannar drains the heat from the surrounding environment!
* * * LOW HITPOINT WARNING * * *
You block the ice beast's attack. The ice beast barely misses you.
Unknown command.
As you read the scroll labelled ZYADIH CYNNUY, it crumbles to dust.
You feel strangely unstable.
It was a scroll of teleportation.
The ice beast closely misses you.
Fannar mumbles some strange words.
You block the ice beast's attack.
You feel like a meek peon again. Fannar gestures at you while chanting.
The bolt of cold hits you!!
You die...

...... .......##
........#
........#
........+ .
........######..
................
.....Y..@.......
......Y.<....###
......eY.....#
##############


You could see Fannar (strong, icy armour) and 3 ice beasts.

Vanquished Creatures
  A two-headed ogre (D:9)
  Psyche (D:10)
  Sigmund (D:2)
  4 yaks (D:9)
  Eustachio (D:5)
  A wyvern (D:9)
  An orc warrior (D:9)
  2 sky beasts
  An ice beast (D:6)
  2 ogres
  6 centaurs
  2 phantoms
  4 kobold brigands
  A bullfrog (D:7)
  A gnoll sergeant (D:9)
  2 scorpions
  3 wights (D:9)
  4 howler monkeys
  A bullfrog zombie (D:7)
  A centaur zombie (D:7)
  A centaur skeleton (D:6)
  2 orc priests
  A gnoll shaman (D:4)
  Crazy Yiuf (D:5)
  4 iguanas
  2 orc wizards (D:9)
  Ijyb (D:5)
  A howler monkey zombie (D:9)
  15 gnolls
  A river rat (Sewer)
  10 adders
  An adder skeleton (D:4)
  7 worms
  10 orcs
  9 ball pythons
  12 endoplasms
  9 giant cockroaches
  4 goblins
  6 hobgoblins
  4 jackals (D:2)
  32 kobolds
  4 quokkas
  4 bats
  5 frilled lizards
  13 rats
199 creatures vanquished.

Vanquished Creatures (others)
  A centaur zombie (D:10)
  3 plants (D:3)
4 creatures vanquished.

Grand Total: 203 creatures vanquished

Notes
Turn   | Place    | Note
-------+----------+-------------------------------------------
     0 | D:1      | mhtbhm the Minotaur Fighter began the quest for the Orb.
     0 | D:1      | Reached XP level 1. HP: 19/19 MP: 0/0
    30 | D:1      | Reached XP level 2. HP: 18/27 MP: 1/1
   333 | D:1      | Found a faded altar of an unknown god.
   475 | D:1      | Reached XP level 3. HP: 24/33 MP: 2/2
   970 | D:2      | Reached skill level 3 in Axes
   978 | D:2      | Reached XP level 4. HP: 8/40 MP: 3/3
  1746 | D:2      | Noticed Sigmund
  1762 | D:2      | HP: 2/40 [something (6)]
  1764 | D:2      | Killed Sigmund
  1765 | D:2      | Reached skill level 4 in Axes
  1765 | D:2      | Reached skill level 5 in Armour
  1765 | D:2      | Reached skill level 1 in Dodging
  1765 | D:2      | Reached XP level 5. HP: 3/47 MP: 4/4
  2261 | D:3      | Found a sparkling altar of Nemelex Xobeh.
  2428 | D:3      | Reached XP level 6. HP: 53/53 MP: 5/5
  2614 | D:3      | Reached skill level 5 in Axes
  2940 | D:3      | You fall into a shaft and drop 1 floor!
  2971 | D:4      | Reached skill level 6 in Axes
  2971 | D:4      | Reached skill level 5 in Shields
  2971 | D:4      | Reached XP level 7. HP: 35/60 MP: 6/6
  2979 | D:4      | Reached skill level 5 in Fighting
  3139 | D:4      | Found a staircase to the Ecumenical Temple.
  3149 | Temple   | Entered the Ecumenical Temple
  3201 | Temple   | Became a worshipper of Warmaster Okawaru
  3882 | D:5      | Entered Level 5 of the Dungeon
  4266 | D:5      | Found Nupyfei's Armour Emporium.
  4277 | D:5      | Reached skill level 7 in Axes
  4385 | D:5      | Noticed Ijyb
  4395 | D:5      | Killed Ijyb
  4528 | D:5      | Noticed Eustachio
  4554 | D:5      | Killed Eustachio
  4555 | D:5      | Reached XP level 8. HP: 28/70 MP: 7/7
  5288 | D:5      | Found a runed translucent door.
  5289 | D:5      | Noticed Crazy Yiuf
  5294 | D:5      | Killed Crazy Yiuf
  5515 | D:6      | Reached skill level 8 in Axes
  5578 | D:6      | Reached * piety under Okawaru
  5632 | D:6      | Noticed a two-headed ogre
  5658 | D:6      | Found a basalt altar of Yredelemnul.
  5878 | D:6      | Found a glowing drain.
  5901 | Sewer    | Entered a sewer
  6323 | Sewer    | Reached skill level 1 in Stealth
  6535 | D:6      | Reached skill level 9 in Axes
  6726 | D:6      | Learned a level 3 spell: Mephitic Cloud
  6828 | D:7      | Reached XP level 9. HP: 78/78 MP: 8/8
  6916 | D:7      | Found a radiant altar of Vehumet.
  6919 | D:7      | Found a snail-covered altar of Cheibriados.
  7436 | D:7      | You fall into a shaft and drop 2 floors!
  7442 | D:9      | Reached ** piety under Okawaru
  7451 | D:9      | Noticed a two-headed ogre
  7462 | D:9      | Killed a two-headed ogre
  7463 | D:9      | Reached skill level 1 in Spellcasting
  7463 | D:9      | Reached skill level 1 in Conjurations
  7463 | D:9      | Reached skill level 1 in Air Magic
  7463 | D:9      | Reached skill level 1 in Poison Magic
  7785 | D:9      | Identified the +0 leather armour "Wopyilin" {rF+ rC+ Int+3}
  7934 | D:9      | Found a glowing silver altar of Zin.
  8020 | D:9      | Reached *** piety under Okawaru
  8021 | D:9      | Reached skill level 10 in Axes
  8336 | D:9      | Reached XP level 10. HP: 54/86 MP: 11/11
  8667 | D:10     | Entered Level 10 of the Dungeon
  8667 | D:10     | Noticed Psyche
  8681 | D:10     | Killed Psyche
  8681 | D:10     | Reached **** piety under Okawaru
  9200 | D:10     | Noticed Fannar
  9200 | D:10     | HP: 1/86 [Fannar/refrigeration (22)]
  9216 | D:10     | Killed from afar by Fannar

Illustrated notes

Levels and vault maps discovered:
D:1:      lightli_arrival_statue_moat, layout_loops_ring, basic_ecumenical_altar
D:2:      layout_basic, uniq_sigmund
D:3:      layout_basic, nemelex_xobeh_ov_fountains_minmay, serial_forest,
          infiniplex_forest_clump_cross, infiniplex_forest_straight_1,
          infiniplex_forest_corner_1, infiniplex_forest_end_2,
          infiniplex_forest_join, infiniplex_forest_clump_small,
          infiniplex_forest_clump_curved, minmay_misc_feat_enclosed,
          grunt_ministairs_10
D:4:      layout_cave_pools, minmay_temple_entry_junction
D:5:      layout_basic, serial_shops, nicolae_shop_crystal, grunt_decor_clamped,
          hangedman_decor_riveting, corner_web_ring, minmay_misc_feat_diagonals,
          kennysheep_cross_room, uniq_crazy_yiuf_cottage, uniq_ijyb,
          uniq_eustachio
D:6:      layout_rooms, old_standard_altar, portal_sewer_entry_a,
          lightli_corner_chamber
D:7:      layout_loops_ring, grunt_temple_overflow_open,
          kennysheep_generic_room_8
D:9:      layout_long_grid, kennysheep_mini_moat
D:10:     minmay_firetagon, layout_irregular_city, serial_shops,
          nicolae_shop_waterfront, shop, shop, minmay_st_funbox,
          serial_bayou_pond_b, uniq_fannar, uniq_psyche, uniq_nergalle
Temple:   cyrus_circular_temple

Skill      XL: |  1  2  3  4  5  6  7  8  9 10 |
---------------+-------------------------------+-----
Armour         | 4 5 6 7 8 |  8.0
Fighting       | 4 5 6 7 |  7.5
Shields        | 4 5 6 7 |  7.2
Axes           | 3 4 6 7 9 10 | 10.3
Dodging        | 1 2 3 |  3.7
Stealth        | 1 |  1.0
Spellcasting   | 1 2 |  2.1
Conjurations   | 1 2 |  2.2
Air Magic      | 1 2 |  2.1
Poison Magic   | 1 2 |  2.1
Evocations     | |  0.7

Action                   |  1- 3 |  4- 6 |  7- 9 | 10-12 || total
-------------------------+-------+-------+-------+-------++-------
Melee: War axe           |    69 |    98 |   324 |    68 ||   559
       Headbutt          |    10 |    13 |    51 |    10 ||    84
Invok: Heroism           |       |       |       |     1 ||     1
Evoke: Wand              |       |       |     7 |       ||     7
  Use: Scroll            |       |     2 |     3 |     1 ||     6
       Potion            |       |       |     4 |     7 ||    11
Armor: Scale mail        |    33 |    40 |   130 |    37 ||   240
Dodge: Dodged            |    27 |    44 |   107 |    26 ||   204
Block: Kite shield       |    31 |    45 |   170 |    58 ||   304

Table legend: (Time is in decaauts)
 A = Elapsed time spent in this place.
 B = Non-inter-level travel time spent in this place.
 C = Inter-level travel time spent in this place.
 D = Time resting spent in this place.
 E = Time spent auto-exploring this place.
 F = Levels seen in this place.
 G = Mean time per level.
                   A        B        C        D        E       F      G
               +--------+--------+--------+--------+--------+-----+--------+
         Total |   9470 |   9426 |     44 |   2490 |   5304 |  11 |  860.9 |
       Dungeon |   8700 |   8656 |     44 |   2255 |   4992 |   9 |  966.7 |
        Temple |     61 |     61 |      0 |      0 |     43 |   1 |   61.0 |
         Sewer |    708 |    708 |      0 |    235 |    269 |   1 |  708.0 |
               +--------+--------+--------+--------+--------+-----+--------+

Top non-repeatable levels by time:
     D:9: 1767 daAuts
     D:5: 1635 daAuts
     D:2: 1411 daAuts
     D:4: 913 daAuts
     D:1: 894 daAuts
     D:3: 712 daAuts
   Sewer: 708 daAuts
     D:7: 686 daAuts
     D:6: 645 daAuts
  Temple: 61 daAuts
    D:10: 34 daAuts
